 Dungeon Crawl Stone Soup version 0.16.1 (console) character file.

80 gw the Ducker (level 4, -4/22 HPs)
             Began as a Spriggan Necromancer on Mar 23, 2015.
             Slain by a hobgoblin
             ... wielding a +0 club
             ... led by Robin
              (10 damage)
             ... on level 2 of the Dungeon.
             The game lasted 00:02:43 (4130 turns).

gw the Ducker (Spriggan Necromancer)                Turns: 4130, Time: 00:02:43

Health: -4/22      AC:  2    Str:  3 (4)  XL:     4   Next: 18%
Magic:  4/14       EV: 19    Int: 17      God:
Gold:   100        SH:  0    Dex: 16      Spells: 4 memorised, 2 levels left

rFire  . . .     SeeInvis +     b - +0 hunting sling
rCold  . . .     Clarity  .     g - +0 robe
rNeg   . . .     SustAb   .     (shield restricted)
rPois  .         Gourm    .     (helmet restricted)
rElec  .         Spirit   .     (no cloak)
rCorr  .         Warding  .     (gloves unavailable)
rMut   .         Stasis   .     (boots unavailable)
MR     .....                    (no amulet)
Stlth  +++.......               (no ring)
                                (no ring)

@: very quick, not resistant to hostile enchantments, fairly stealthy
A: unfitting armour, see invisible, herbivore 3, speed 3, slow metabolism 2
a: no special abilities


You were on level 2 of the Dungeon.
You were hungry.

You visited 1 branch of the dungeon, and saw 2 of its levels.

You collected 100 gold pieces.

Inventory:

Hand weapons
 a - a +0 short sword
 b - a +0 hunting sling (weapon)
Missiles
 i - 58 stones (quivered)
 l - 15 sling bullets
Armour
 g - a +0 robe (worn)
Scrolls
 e - a scroll of fog {unknown}
 f - 4 scrolls of recharging {unknown}
 j - 2 scrolls of teleportation
 k - a scroll of random uselessness {unknown}
Potions
 h - a potion of poison {unknown}
Books
 d - a book of Necromancy

   Spells                             Type                      Level
   a - Pain                           Necromancy                   1
   b - Animate Skeleton               Necromancy                   1
   c - Vampiric Draining              Necromancy                   3
   d - Regeneration                   Charms/Necromancy            3
   e - Animate Dead                   Necromancy                   4
   f - Control Undead                 Necromancy                   4
Comestibles
 c - a bread ration
 m - a slice of pizza


   Skills:
 + Level 1.0 Fighting
 + Level 1.0 Short Blades
 + Level 4.1 Dodging
 - Level 3.0 Stealth
 * Level 3.9 Spellcasting
 + Level 3.9 Necromancy


You had 2 spell levels left.
You knew the following spells:

 Your Spells              Type           Power        Failure   Level  Hunger
a - Pain                  Necr           ###.         3%          1    None
b - Animate Skeleton      Necr           N/A          3%          1    None
c - Vampiric Draining     Necr           ###.......   12%         3    ###....
d - Regeneration          Chrm/Necr      ##........   24%         3    ###....


Dungeon Overview and Level Annotations

Branches:
Dungeon (2/15)

Altars:

Annotations:
D:2 Robin


Innate Abilities, Weirdness & Mutations

You are tiny and cannot use many weapons and most armour.
You have supernaturally acute eyesight.
You are a herbivore.
You cover ground extremely quickly.
You need consume almost no food.


Message History

Confirm with . or Enter, or press ? or * to list all spells.
Aiming: Pain
Press: ? - help, Shift-Dir - straight line, f - hobgoblin
Aim: a hobgoblin, wielding a club (consumed by blood-lust, chance 87%)
The hobgoblin convulses in agony!
You kill the hobgoblin!
The goblin closely misses you.
Unknown command.
Unknown command.
Unknown command.
Unknown command.
Casting: Pain
Confirm with . or Enter, or press ? or * to list all spells.
Aiming: Pain
Press: ? - help, Shift-Dir - straight line, f - goblin
Aim: a goblin (consumed by blood-lust, chance 87%)
The goblin convulses in agony!
You kill the goblin!
The hobgoblin hits you with a club!
You die...

##########
#.........##.......
#.........#........
#.........#........
#.........#........
#.........#........
#.......(.#........
#.........#........
..#####ZZg......#........
.......ZiZZ%....#........
####...)gZ......#########
#..(gg...##### ###
#.(......# #..
..........# #..
..$.....### #.. .......#
#.. ......# #.. ...# #..


You could see Robin, 2 hobgoblins, a goblin (frenzied), a friendly giant newt
skeleton, a friendly adder skeleton, a friendly rat skeleton, a friendly jackal
skeleton, a friendly goblin skeleton and a friendly kobold skeleton.

Table legend:
 A = Turns spent in this place as a percentage of turns spent in the entire game.
 B = Non-inter-level travel turns spent in this place as a percentage of non-inter-level travel turns spent in the entire game.
 C = Inter-level travel turns spent in this place as a percentage of turns spent in this place.
 D = Turns resting spent in this place as a percentage of non-inter-level travel turns spent in this place.
 E = Turns spent auto-exploring this place as a percentage of non-inter-level travel turns spent in this place.
 F = Non-inter-level travel turns spent in this place divided by the number of levels of this place that you've seen.
                   A       B       C       D       E      F
               +-------+-------+-------+-------+-------+----------------------
         Total | 100.0 | 100.0 |   1.3 |   6.2 |   2.3 | 1756.0
       Dungeon | 100.0 | 100.0 |   1.3 |   6.2 |   2.3 | 1756.0
               +-------+-------+-------+-------+-------+----------------------

Table legend:
 A = Kills in this place as a percentage of kills in entire the game.
 B = Kills by you in this place as a percentage of kills by you in the entire game.
 C = Kills by friends in this place as a percentage of kills by friends in the entire game.
 D = Other kills in this place as a percentage of other kills in the entire game.
 E = Experience gained in this place as a percentage of experience gained in the entire game.
 F = Experience gained in this place divided by the number of levels of this place that you have seen.
                   A       B       C       D       E      F
               +-------+-------+-------+-------+-------+----------------------
         Total | 100.0 | 100.0 | 100.0 |  -nan | 100.0 |  57.5
       Dungeon | 100.0 | 100.0 | 100.0 |  -nan | 100.0 |  57.5
               +-------+-------+-------+-------+-------+----------------------

Vanquished Creatures
  An adder (D:2)
  A gnoll (D:1)
  A worm (D:2)
  An ooze (D:1)
  5 bats (D:1)
  14 hobgoblins
  4 jackals (D:2)
  5 giant newts
  7 goblins
  5 kobolds
  6 rats
50 creatures vanquished.

Vanquished Creatures (collateral kills)
  A goblin (D:1)
  3 bats (D:1)
  A giant cockroach (D:1)
5 creatures vanquished.

Vanquished Creatures (others)
  2 bat skeletons (D:1)
  A giant newt skeleton (D:1)
  A goblin skeleton (D:1)
  A hobgoblin skeleton (D:1)
  A rat skeleton (D:1)
6 creatures vanquished.

Grand Total: 61 creatures vanquished

Notes
Turn   | Place    | Note
--------------------------------------------------------------
     0 | D:1      | gw, the Spriggan Necromancer, began the quest for the Orb.
     0 | D:1      | Reached XP level 1. HP: 9/9 MP: 4/4
     2 | D:1      | Learned a level 1 spell: Animate Skeleton
   791 | D:1      | Reached XP level 2. HP: 10/13 MP: 3/8
  1802 | D:1      | Reached XP level 3. HP: 15/17 MP: 8/11
  1874 | D:1      | Learned a level 3 spell: Vampiric Draining
  1878 | D:1      | Learned a level 3 spell: Regeneration
  2744 | D:1      | Learned a level 1 spell: Animate Skeleton
  3031 | D:2      | Reached skill level 4 in Dodging
  3395 | D:2      | Reached skill level 1 in Short Blades
  3992 | D:2      | Reached XP level 4. HP: 13/21 MP: 5/14
  4120 | D:2      | Noticed Robin
  4125 | D:2      | Reached skill level 1 in Fighting
  4130 | D:2      | Slain by a hobgoblin

Action                   |  1- 3 |  4- 6 || total
-------------------------+-------+-------++-------
 Fire: Hunting sling     |    14 |       ||    14
 Cast: Pain              |    96 |    12 ||   108
       Animate Skeleton  |    21 |       ||    21
  Use: Scroll            |     4 |       ||     4
       Potion            |     2 |       ||     2

Vault maps used:
D:1:      elethiomel_arrival_maze
D:2:      uniq_robin
